 Dungeon Crawl Stone Soup version 0.15-a0-77-g44c3f01 (webtiles) character file.

3782 4tharraofdagon the Spear-Bearer (level 9, -19/85 HPs)
             Began as a Troll Wanderer on Apr 7, 2014.
             Was an Initiate of Cheibriados.
             Demolished by a hill giant
             ... wielding a +0,+0 giant club
              (38 damage)
             ... on Level 10 of the Dungeon.
             The game lasted 00:22:37 (2945 turns).

4tharraofdagon the Spear-Bearer (Troll Wanderer)    Turns: 2945, Time: 00:22:37

HP -19/85        AC  8     Str 26      XL: 9   Next: 88%
MP  12/12        EV 10     Int 13      God: Cheibriados [......]
Gold 124         SH  0     Dex  8      Spells:  0 memorised,  8 levels left

rFire  + . .     SeeInvis +     l - +0,+1 bardiche (venom)
rCold  . . .     Clarity  .     u - +0 robe {rF+}
rNeg   . . .     Conserve .     (shield restricted)
rPois  .         rCorr    .     s - +3 crown of Dyrovepreva {Hunger rElec Int+2 SInv}
rElec  +         rRot     .     (no cloak)
SustAb . .       Spirit   .     (gloves unavailable)
rMut   .         Warding  .     (boots unavailable)
Gourm  +         Stasis   .     j - amulet of rage
MR     .....                    (no ring)
                                (no ring)

@: exhausted, slow, not resistant to hostile enchantments, unstealthy
A: unfitting armour, claws 3, fast metabolism 3, gourmand, regeneration 2,
saprovore 2, shaggy fur 1, tough skin 2
a: Bend Time, Renounce Religion, Evoke Berserk Rage


You were on level 10 of the Dungeon.
You worshipped Cheibriados.
Cheibriados was noncommittal.
You were very full.

You visited 2 branches of the dungeon, and saw 11 of its levels.

You collected 215 gold pieces.
You spent 91 gold pieces at shops.

Inventory:

Hand weapons
 a - a +3,+3 spear
 b - a +0,+0 crossbow
 e - a +2 blowgun
 l - a +0,+1 bardiche of venom (weapon)
 A - a +0,+0 glaive
Missiles
 d - 45 bolts
 m - 12 poisoned needles
 q - 9 bolts of flame
Armour
 c - a +0 robe
 s - the +3 crown of Dyrovepreva (worn) {Hunger rElec Int+2 SInv}
   (You found it on level 9 of the Dungeon)

   It affects your intelligence (+2).
   It insulates you from electricity.
   It enhances your eyesight.
   It speeds your metabolism.
 u - a +0 robe of fire resistance (worn)
Magical devices
 k - a wand of lightning (0)
 o - a wand of random effects (12)
 r - a wand of digging (5)
Comestibles
 f - 4 meat rations
 g - 2 bread rations
Scrolls
 n - a scroll of teleportation
 v - a scroll of remove curse
 B - a scroll of identify
Jewellery
 j - an amulet of rage (around neck)
 y - the amulet "Nun Eted" {Clar Str-5 Dex+5 Int+1}
   (You found it on level 4 of the Dungeon)

   [amulet of clarity]

   It provides mental clarity.
   It affects your strength (-5).
   It affects your intelligence (+1).
   It affects your dexterity (+5).
Potions
 h - a potion of magic
 i - 2 potions of curing
 w - a potion of brilliance {unknown}
 z - a potion of restore abilities
Books
 p - a book of Changes

   Spells                             Type                      Level
   Beastly Appendage                  Transmutation                1
   Sticks to Snakes                   Transmutation                2
   Spider Form                        Transmutation/Poison         3
   Ice Form                           Ice/Transmutation            4
   Blade Hands                        Transmutation                5
 x - a book of Power

   Spells                             Type                      Level
   Fulminant Prism                    Conjuration/Hexes            4
   Iskenderun's Mystic Blast          Conjuration                  4
   Venom Bolt                         Conjuration/Poison           5
   Bolt of Magma                      Conjuration/Fire/Earth       5
   Iron Shot                          Conjuration/Earth            6
   Orb of Destruction                 Conjuration                  7
Magical staves
 t - an uncursed staff of poison {unknown}


   Skills:
 + Level 4.7 Fighting
 * Level 9.0 Polearms
 - Level 1.2 Crossbows
 - Level 1.0 Throwing
 + Level 2.3 Dodging
 - Level 1.0 Stealth
 + Level 3.7 Invocations
 - Level 5.3 Evocations


You had 8 spell levels left.
You didn't know any spells.

Dungeon Overview and Level Annotations

Branches:
Dungeon (10/15)            Temple (1/1) D:6
    Orc: D:9-12        Lair: D:8-11

Altars:
Cheibriados
Dithmenos
Fedhas
Trog
Xom
Yredelemnul

Shops:
D:6 ?%((   D:7 *

Annotations:
D:8 exclusion: oklob sapling


Innate Abilities, Weirdness & Mutations

You are too large for most types of armour.
You have claws for hands.
Your metabolism is lightning-fast.
You like to eat raw meat.
You heal very quickly.
You can eat rotten meat.
You are covered in fur (AC +1).
You have very tough skin (AC +2).


Message History

Okay, then.
Evoke which item? (* to show all) (? for menu, Esc to quit)
Zapping:
o - a wand of random effects {zapped: 1}
Press: ? - help, Shift-Dir - straight line, f - hill giant
Aim: a hill giant, wielding a giant club
Okay, then.
Unknown command.
The hill giant barely misses you. The hill giant closely misses you.
The hill giant hits you with a giant club!
The hill giant hits you with a giant club!
* * * LOW HITPOINT WARNING * * *
The hill giant completely misses you.
The hill giant hits you with a giant club.
* * * LOW HITPOINT WARNING * * *
Drink which item? (? for menu, Esc to quit)
Okay, then.
You feel yourself speed up.
The hill giant hits you with a giant club!
You die...

#....# #...##
#....### ##....<#
#.....##
###....##
##....## ##...C##
. #...@.# ..###
###...##
......####....###
......#..##.....#
#!.......#.....##
#..))..###....#
#..?<# ##...###
###.b# #.....#
#### ##.<..#


You could see a hill giant.

Vanquished Creatures
  Prince Ribbit (D:6)
  3 yaks
  Edmund (D:4)
  2 orc warriors
  5 ice beasts
  4 ogres
  A sky beast (D:9)
  A spider (D:8)
  2 water moccasins
  Sigmund (D:4)
  A centaur (D:6)
  5 giant frogs
  A scorpion (D:9)
  4 wights (D:6)
  A goliath beetle (D:6)
  3 crimson imps
  2 big fish (D:5)
  An orc priest (D:7)
  2 orc wizards
  An elf skeleton (D:9)
  2 worker ants
  An iguana (D:4)
  An ogre zombie (D:9)
  Ijyb (D:5)
  Terence (D:3)
  7 adders
  An ooze (D:6)
  16 orcs
  6 ball pythons (D:8)
  A bat skeleton (D:5)
  8 hobgoblins
  4 quokkas
  6 bats
  A giant cockroach (D:3)
  2 giant newts
  7 goblins
  7 kobolds
  An orc skeleton (D:5)
  5 rats
  A rat skeleton (D:4)
121 creatures vanquished.

Vanquished Creatures (others)
  The ghost of 4tharraofdagon the Conjurer, an experienced TeFE of Vehumet (D:9)
  2 butterflies (D:8)
  2 plants (D:8)
5 creatures vanquished.

Grand Total: 126 creatures vanquished

Notes
Turn   | Place    | Note
--------------------------------------------------------------
     0 | D:1      | 4tharraofdagon, the Troll Wanderer, began the quest for the Orb.
     0 | D:1      | Reached XP level 1. HP: 22/22 MP: 1/1
    65 | D:1      | You fall through a shaft!
    77 | D:3      | Noticed Terence
   116 | D:3      | HP: 1/22 [kobold (2)]
   178 | D:3      | Killed Terence
   178 | D:3      | Reached skill level 3 in Fighting
   178 | D:3      | Reached XP level 2. HP: 21/31 MP: 1/1
   315 | D:3      | Reached XP level 3. HP: 28/37 MP: 2/2
   436 | D:5      | Entered Level 5 of the Dungeon
   464 | D:5      | Noticed a giant frog
   466 | D:6      | Found Iniet's Magic Scroll Shoppe.
   466 | D:6      | Found Raut's Food Shoppe.
   480 | D:6      | Noticed a centaur
   489 | D:6      | Killed a centaur
   489 | D:6      | Reached skill level 1 in Evocations
   489 | D:6      | Reached XP level 4. HP: 48/48 MP: 2/2
   514 | D:6      | Bought a scroll of teleportation for 42 gold pieces
   514 | D:6      | Bought a scroll of fear for 49 gold pieces
   546 | D:6      | Noticed an ice beast
   556 | D:6      | Killed an ice beast
   556 | D:6      | Reached skill level 4 in Fighting
   556 | D:6      | Reached XP level 5. HP: 54/54 MP: 2/3
   613 | D:6      | Noticed an ice beast
   622 | D:6      | Killed an ice beast
   622 | D:6      | Reached XP level 6. HP: 62/62 MP: 4/4
   632 | D:6      | Noticed an ice beast
   687 | D:6      | Killed an ice beast
   758 | D:6      | Found a blossoming altar of Fedhas.
   758 | D:6      | Found a shimmering altar of Xom.
   850 | D:6      | Noticed a giant frog
   864 | D:6      | Killed a giant frog
   864 | D:6      | Reached skill level 5 in Polearms
   864 | D:6      | Reached XP level 7. HP: 42/70 MP: 6/6
   889 | D:6      | Noticed Prince Ribbit
   896 | D:5      | Killed a giant frog
   906 | D:4      | Noticed Edmund
   918 | D:4      | Killed Edmund
  1007 | D:5      | Noticed a giant frog
  1016 | D:5      | Killed a giant frog
  1027 | D:5      | Noticed Ijyb
  1038 | D:5      | Killed Ijyb
  1049 | D:5      | Found a bloodstained altar of Trog.
  1150 | D:5      | Found a blossoming altar of Fedhas.
  1164 | D:5      | Reached skill level 6 in Polearms
  1193 | D:5      | Noticed a phantom
  1223 | D:4      | Noticed an ogre
  1235 | D:4      | Killed an ogre
  1235 | D:4      | Reached XP level 8. HP: 78/78 MP: 8/8
  1291 | D:4      | Noticed Sigmund
  1298 | D:4      | Killed Sigmund
  1525 | D:4      | Got a smoking zirconium amulet
  1527 | D:4      | Identified the amulet "Nun Eted" {Clar Str-5 Dex+5 Int+1} (You found it on level 4 of the Dungeon)
  1580 | D:5      | Noticed an orc warrior
  1592 | D:5      | Found a basalt altar of Yredelemnul.
  1606 | D:6      | Found a staircase to the Ecumenical Temple.
  1606 | D:6      | Found Kloittot's Antique Weapon Emporium.
  1606 | D:6      | Noticed an ogre
  1609 | D:6      | Noticed a giant frog
  1613 | D:6      | Found Udadwakh's Antique Weapon Boutique.
  1625 | D:6      | Killed a giant frog
  1648 | D:6      | Killed an ogre
  1718 | D:6      | Reached skill level 7 in Polearms
  1793 | Temple   | Entered the Ecumenical Temple
  1812 | Temple   | Became a worshipper of Cheibriados the Contemplative
  1840 | D:6      | Killed Prince Ribbit
  1840 | D:6      | Reached skill level 1 in Invocations
  1862 | D:7      | Found Zoplyb's General Store.
  1928 | D:6      | Was placed under penance by Cheibriados
  1930 | D:6      | Reached skill level 5 in Evocations
  2081 | D:6      | Was forgiven by Cheibriados
  2153 | D:7      | Reached XP level 9. HP: 67/84 MP: 11/11
  2256 | D:8      | Was placed under penance by Cheibriados
  2258 | D:8      | Reached skill level 8 in Polearms
  2324 | D:8      | Found a blossoming altar of Fedhas.
  2331 | D:8      | Was forgiven by Cheibriados
  2367 | D:10     | Entered Level 10 of the Dungeon
  2439 | D:10     | Was placed under penance by Cheibriados
  2443 | D:10     | Was forgiven by Cheibriados
  2531 | D:9      | Noticed 4tharraofdagon's ghost (experienced TeFE)
  2534 | D:9      | Was placed under penance by Cheibriados
  2536 | D:9      | Killed 4tharraofdagon's ghost
  2536 | D:9      | Reached skill level 1 in Dodging
  2713 | D:9      | Was forgiven by Cheibriados
  2858 | D:10     | Was placed under penance by Cheibriados
  2860 | D:10     | Reached skill level 9 in Polearms
  2860 | D:10     | Was forgiven by Cheibriados
  2928 | D:10     | Noticed a hill giant
  2945 | D:10     | Demolished by a hill giant

Action                   |  1- 3 |  4- 6 |  7- 9 || total
-------------------------+-------+-------+-------++-------
Melee: Spear             |    95 |       |       ||    95
       Bardiche          |     4 |    59 |   283 ||   346
 Abil: Evoke Berserk Rag |     1 |     3 |    10 ||    14
Evoke: Wand              |     1 |       |     6 ||     7
  Use: Potion            |     1 |       |     7 ||     8
       Scroll            |       |     1 |     8 ||     9
 Stab: Sleeping          |       |     1 |       ||     1
